 Dungeon Crawl Stone Soup version 0.27.0-1-g7a089689b8 (webtiles) character file.

Game seed: 5524015770135374213

213 lnt the Chopper (level 5, -3/45 HPs)
             Began as a Minotaur Berserker on Aug 3, 2021.
             Was a Priest of Trog.
             Splashed by Ijyb's acid (12 damage)
             ... on level 3 of the Dungeon.
             The game lasted 00:06:37 (2490 turns).

lnt the Chopper (Minotaur Berserker)                Turns: 2490, Time: 00:06:38

Health: -3/45      AC:  3    Str: 21    XL:     5   Next: 59%
Magic:  4/4        EV: 10    Int:  4    God:    Trog [***...]
Gold:   117        SH:  0    Dex: 11    Spells: 4/4 levels left

rFire    . . .     SeeInvis .   a - +0 hand axe
rCold    + . .     Faith    .   (no shield)
rNeg     . . .     Spirit   .   g - +0 scale mail
rPois    .         Reflect  .   (helmet restricted)
rElec    .         Harm     .   (no cloak)
rCorr    .         Rampage  .   (no gloves)
Will     .....                  m - +0 pair of boots
Stlth    ..........             (no amulet)
HPRegen  0.15/turn              n - ring of protection from cold
MPRegen  0.09/turn              (no ring)

@: corroded
A: horns 2, retaliatory headbutt
a: Renounce Religion, Berserk, Trog's Hand


You were on level 3 of the Dungeon.
You worshipped Trog.
Trog was most pleased with you.
You visited 1 branch of the dungeon, and saw 3 of its levels.

You collected 117 gold pieces.

Inventory:

Hand Weapons
 a - a +0 hand axe (weapon)
 b - a +2 hunting sling of flaming
 i - a +0 dagger
Missiles
 c - 90 stones (quivered)
 k - 25 sling bullets
Armour
 g - a +0 scale mail (worn)
 m - a +0 pair of boots (worn)
Jewellery
 n - a ring of protection from cold (left hand)
 t - a ring of ice
Scrolls
 e - 2 scrolls of identify {unknown}
 h - a scroll of noise {unknown}
 j - a scroll of fog {unknown}
 l - a scroll of enchant armour {unknown}
 o - 2 scrolls of teleportation {unknown}
 s - a scroll of immolation {unknown}
Potions
 d - a potion of heal wounds {unknown}
 f - a potion of flight {unknown}
 p - a potion of curing {unknown}
 q - a potion of attraction {unknown}
 r - a potion of might {unknown}


   Skills:
 - Level 3.6 Fighting
 + Level 7.7 Axes
 - Level 2.4 Armour
 - Level 2.1 Dodging


You had 4 spell levels left.
You didn't know any spells.
Your spell library was empty.

Dungeon Overview and Level Annotations

Branches:
Dungeon (3/15)

Altars:

Annotations:
D:3 Ijyb


Innate Abilities, Weirdness & Mutations

You have a pair of horns on your head.
You reflexively headbutt those who attack you in melee.


Message History

2 goblins come into view.
The goblin shouts! x2; You hear a shout! x2
Your +2 hunting sling of flaming bursts into flame!
b - a +2 hunting sling of flaming (weapon)
Fire: 92 stones
Press: ? - help, Q - select action, (/) - cycle Shift-Dir - straight line, f - you Really target yourself?
Okay, then. 4 goblins and Ijyb come into view.
Ijyb is wielding a +0 dagger and carrying a wand of acid (8).
The goblin shouts! x4
The goblin unwields a +0 dagger.
The goblin wields a +0 hunting sling.
The goblin shoots a stone.
The stone hits you.
Fire: 92 stones
Press: ? - help, Q - select action, (/) - cycle Shift-Dir - straight line, f - goblin
Aim: a goblin, wielding a +0 hunting sling and quivering stones (51% to hit)
You shoot a stone. The stone closely misses the goblin. x2
The goblin shoots a stone.
The stone hits you but does no damage.
Fire: 91 stones
Press: ? - help, Q - select action, (/) - cycle Shift-Dir - straight line, f/p - goblin
Aim: a goblin, wielding a +0 hunting sling and quivering stones (51% to hit)
You shoot a stone. The stone completely misses the goblin.
The stone hits the goblin.
The stone burns the goblin.
You kill the goblin!
Trog accepts your kill.
Your +2 hunting sling of flaming stops flaming.
a - a +0 hand axe (weapon)
You hit the goblin.
You kill the goblin!
Trog accepts your kill.
You hit the goblin.
You kill the goblin!
Trog accepts your kill.
Ijyb screams, "Level is mine!
All mine!"
Ijyb zaps a wand.
The bolt of acid hits you!
You are splashed with acid!
Ijyb zaps a wand.
The bolt of acid hits you!
* * * LOW HITPOINT WARNING * * *
The acid corrodes you!
You are splashed with acid!
You die...

#.g....... #.#8g....8
#)#ggg.... #g#8.....8
#####g#....).. #####
#.....#8.....8 .....#
#.....#....... .....#
#.....#8.....8 .....#
####@..†.# ..[..#
............#
.....##.............##
.....................#
.....#...............#
.....................#
................>....#
#...##...............#
.....................#


You could see Ijyb and a goblin.

Vanquished Creatures
  The ghost of Thatpatchoflichen the Cutter, a weakling KoGl (D:3)
  2 orc wizards (D:2)
  Robin (D:2)
  2 adders (D:2)
  3 worms
  6 orcs
  2 endoplasms
  5 giant cockroaches
  15 goblins
  9 hobgoblins
  11 jackals
  6 kobolds
  A quokka (D:1)
  7 ball pythons
  A bat (D:1)
  2 frilled lizards
  2 rats
76 creatures vanquished.

Notes
Turn   | Place    | Note
-------+----------+-------------------------------------------
     0 | D:1      | lnt the Minotaur Berserker began the quest for the Orb.
     0 | D:1      | Reached XP level 1. HP: 19/19 MP: 0/0
    28 | D:1      | Reached skill level 4 in Axes
    56 | D:1      | Reached XP level 2. HP: 18/26 MP: 1/1
   764 | D:1      | Reached skill level 5 in Axes
   826 | D:1      | Reached ** piety under Trog
   828 | D:1      | Reached XP level 3. HP: 31/31 MP: 2/2
  1434 | D:2      | Reached skill level 6 in Axes
  1434 | D:2      | Reached XP level 4. HP: 34/39 MP: 3/3
  1741 | D:2      | Noticed Robin
  1816 | D:2      | Reached XP level 5. HP: 44/45 MP: 4/4
  1822 | D:2      | Reached skill level 7 in Axes
  1984 | D:2      | Killed Robin
  2240 | D:3      | Found a runed translucent gate.
  2240 | D:3      | Found a runed translucent gate.
  2240 | D:3      | Found a runed translucent gate.
  2241 | D:3      | Noticed Thatpatchoflichen's ghost (weakling KoGl)
  2251 | D:3      | Killed Thatpatchoflichen's ghost
  2476 | D:3      | Noticed Ijyb
  2478 | D:3      | Reached *** piety under Trog
  2490 | D:3      | Splashed by Ijyb's acid

Illustrated notes

Levels and vault maps discovered:
D:1:      tarquinn_simple_flora_water_d, layout_basic
D:2:      layout_rooms, minmay_pentomino_r2, uniq_robin
D:3:      kennysheep_the_goblin_king, layout_rooms, ebering_ghost_rock_garden,
          shapermc_ecumenical_altar_mp_highgroup

Skill      XL: |  1  2  3  4  5 |
---------------+----------------+-----
Axes           | 4 5 6 7 |  7.7
Fighting       | |  3.6
Armour         | |  2.4
Dodging        | |  2.1

Action                   |  1- 3 |  4- 6 || total
-------------------------+-------+-------++-------
Melee: Hand axe          |    82 |    49 ||   131
       Headbutt          |    10 |     8 ||    18
 Fire: Hunting sling     |     3 |    23 ||    26
Throw: Stone             |     1 |     4 ||     5
Invok: Berserk           |       |     1 ||     1
Armor: Animal skin       |     3 |       ||     3
       Scale mail        |    26 |    22 ||    48
Dodge: Dodged            |    36 |    25 ||    61
